 Dungeon Crawl Stone Soup version 0.30-a0-802-gb92711bcdf (webtiles) character file.

Game seed: 9246137082026487779

85286 retardedninja the Nimble (level 15, -2/169 (183) HPs)
             Began as a Gnoll Fighter on Feb 24, 2023.
             Was an Initiate of Gozag.
             Slain by a sixfirhy (4 damage)
             ... summoned by an orc high priest
             ... on level 2 of the Orcish Mines.
             The game lasted 00:54:00 (32392 turns).

retardedninja the Nimble (Gnoll Fighter)           Turns: 32392, Time: 00:54:00

HP:   -2/169 (183)  AC: 27    Str: 26    XL:     15   Next: 83%
MP:   0/29          EV:  2    Int: 11    God:    Gozag
Gold: 3282          SH: 11    Dex: 10    Spells: 35/35 levels left

rFire   + . .      SeeInvis .    j - +9 flail
rCold   + . .      Faith    .    z - +0 kite shield
rNeg    . . .      Spirit   +    (body armour currently unavailable)
rPois   +          Reflect  .    (helmet currently unavailable)
rElec   +          Harm     .    (cloak currently unavailable)
rCorr   +          Rampage  .    (gloves currently unavailable)
Will    +....      NoTele   +    (boots currently unavailable)
Stlth   +++                      v - amulet of Kupnay {Spirit Int+3}
HPRegen 0.48/turn                c - +4 ring of slaying
MPRegen 0.21/turn                G - +4 ring of slaying

@: tree-form, silenced, resistant, on berserk cooldown, studying Dodging,
drained
A: stationary, stasis, torment immunity, boosted hp, (fangs 1), strong nose,
distributed training, strong 1
a: Renounce Religion


You were on level 2 of the Orcish Mines.
You worshipped Gozag.
Gozag was most pleased with you.
You were a tree.
You visited 4 branches of the dungeon, and saw 22 of its levels.

You collected 10025 gold pieces.
You spent 664 gold pieces at shops.
You paid 6079 gold pieces to Gozag.

Inventory:

Hand Weapons
 j - a +9 flail (weapon)
Missiles
 a - 7 javelins (quivered)
 q - a throwing net
Armour
 n - a +0 pair of boots (melded)
 p - a +0 pair of gloves (melded)
 z - a +0 kite shield (worn)
 B - a +2 helmet (melded)
 E - a +2 cloak (melded)
 F - a +3 plate armour (melded)
Jewellery
 c - a +4 ring of slaying (left branch)
 d - a +6 ring of dexterity
 h - the Hermit's Pendant {Faith Invo=14 Evo=0 MP+5}
   (You found it on level 6 of the Dungeon)

   [amulet of faith]

   Invo=14: It sets your Invocations skill to 14.
   Evo=0: It sets your Evocations skill to 0.
   It allows you to gain divine favour quickly.
   MP:        It affects your magic capacity (+5).
 v - the amulet of Kupnay (around neck) {Spirit Int+3}
   (You found it on level 7 of the Dungeon)

   [amulet of guardian spirit]

   It causes incoming damage to be divided between your reserves of health and
   magic.
   Int:       It affects your intelligence (+3).
 G - a +4 ring of slaying (right branch)
Wands
 g - a wand of mindburst (5)
 l - a wand of digging (3)
 m - a wand of flame (50)
 o - a wand of paralysis (15)
 s - a wand of polymorph (10)
Scrolls
 r - a scroll of vulnerability
 w - a scroll of identify
 x - a scroll of immolation
 y - 2 scrolls of silence
 C - a scroll of amnesia
Potions
 b - 6 potions of brilliance
 k - a potion of attraction
 t - 3 potions of mutation
 A - a potion of resistance
 D - 3 potions of flight


   Skills:
 + Level 12.5 Fighting
 + Level 10.8 Short Blades
 + Level 10.8 Long Blades
 + Level 10.8 Axes
 + Level 11.7 Maces & Flails
 + Level 10.8 Polearms
 + Level 10.8 Staves
 + Level 10.8 Ranged Weapons
 + Level 10.8 Throwing
 + Level 12.5 Armour
 + Level 14.7 Dodging
 + Level 10.8 Stealth
 + Level 12.5 Shields
 + Level 10.8 Unarmed Combat
 + Level 10.8 Spellcasting
 + Level 9.0 Conjurations
 + Level 9.0 Hexes
 + Level 9.0 Summonings
 + Level 9.0 Necromancy
 + Level 9.0 Translocations
 + Level 9.0 Transmutations
 + Level 9.0 Fire Magic
 + Level 9.0 Ice Magic
 + Level 9.0 Air Magic
 + Level 9.0 Earth Magic
 + Level 9.0 Poison Magic
 + Level 11.7 Invocations
 + Level 10.8 Evocations


You had 35 spell levels left.
You didn't know any spells.
Your spell library contained the following spells:

 Spells                   Type           Power      Damage    Failure   Level
 Beastly Appendage        Tmut           50%        N/A       1%          1
 Foxfire                  Conj/Fire      100%       2x1d9     1%          1
 Magic Dart               Conj           100%       1d8       1%          1
 Sting                    Tmut/Pois      100%       1d8       1%          1
 Call Imp                 Summ           25%        N/A       1%          2
 Poisonous Vapours        Pois/Air       50%        N/A       1%          2
 Wereblood                Tmut           25%        N/A       1%          2
 Gell's Gravitas          Tloc           25%        N/A       1%          3
 Mephitic Cloud           Conj/Pois/Air  25%        N/A       1%          3
 Spider Form              Tmut/Pois      25%        N/A       1%          3
 Teleport Other           Tloc           25%        N/A       1%          3
 Tukima's Dance           Hex            25%        N/A       1%          3
 Leda's Liquefaction      Hex/Erth       12%        N/A       5%          4
 Olgreb's Toxic Radiance  Pois           25%        N/A       5%          4
 Passage of Golubria      Tloc           25%        N/A       5%          4
 Lee's Rapid Deconstruct  Erth           12%        3d9*      16%         5
 Yara's Violent Unravell  Hex/Tmut       12%        3d7       16%         5
 Dispersal                Tloc           12%        N/A       65%         6
 Statue Form              Tmut/Erth      16%        N/A       65%         6


Dungeon Overview and Level Annotations

Branches:
Dungeon (14/15)            Temple (1/1) D:7            Lair (5/5) D:10
 Shoals (0/4) Lair:2       Spider (0/4) Lair:3        Slime (0/5) Lair:4
    Orc (2/2) D:9             Elf (0/3) Orc:2        Vaults (0/5) D:13

Altars:
Cheibriados
Dithmenos
Elyvilon
Fedhas
Gozag
Hepliaklqana
Kikubaaqudgha
Makhleb
Nemelex Xobeh
Okawaru
Qazlal
Ru
Sif Muna
Trog
Uskayaw
Vehumet
Wu Jian
Xom
Zin
The Shining One
Jiyva

Shops:
D:11 *   Orc:2 (:!:

Annotations:
D:2 1 runed translucent door, Crazy Yiuf
D:10 exclusion: ice statue
Lair:5 2 transporters, necrobotica's ghost, journeyman DjSu
Orc:1 2 transporters, Werytelu's ghost, journeyman HuDe


Innate Abilities, Weirdness & Mutations

You are a tree.
Your roots penetrate the ground, keeping you stationary.
You cannot be teleported.
You are immune to unholy pain and torment.
Your maximum health is greatly increased.
Your equipment is partially melded.
((You have very sharp teeth.))
Your uncanny sense of smell can sniff out nearby items.
Your experience applies equally to all skills.
Your muscles are strong. (Str +4, Int/Dex -1)


Message History

The sixfirhy closely misses you. You block the sixfirhy's attack.
You block the orc knight's attack. The sixfirhy closely misses you.
You hit the orc knight.
The orc knight is lightly wounded.
You block the sixfirhy's attack. The sixfirhy hits you.
* * * LOW HITPOINT WARNING * * *
The sixfirhy shocks you!
* * * LOW HITPOINT WARNING * * *
The sixfirhy closely misses you.
The orc knight hits you with a +0 battleaxe.
* * * LOW HITPOINT WARNING * * *
You block the orc warrior's attack. The sixfirhy closely misses you.
Really quaff the potion of lignification?
You turn into a tree.
Your +2 cloak melds into your body.
Your +2 helmet melds into your body.
Your +0 pair of gloves melds into your body.
Your +0 pair of boots melds into your body.
Your +3 plate armour melds into your body.
Your roots penetrate the ground.
You block the orc warrior's attack.
The orc knight hits you but does no damage.
Okay, then.
You feel protected.
The orc warrior hits you from afar with a +0 glaive.
* * * LOW HITPOINT WARNING * * *
You block the orc knight's attack.
The orc sorcerer hits you but does no damage.
You barely miss the orc knight.
The orc knight is lightly wounded.
You are no longer corroded.
The orc warrior no longer looks unusually strong.
The orc knight no longer looks unusually strong.
The sixfirhy hits you but does no damage.
The orc knight hits you with a +0 battleaxe!
* * * LOW HITPOINT WARNING * * *
The orc sorcerer hits you but does no damage.
You block the orc warrior's attack. The sixfirhy hits you!
* * * LOW HITPOINT WARNING * * *
The sixfirhy shocks you. You resist.
You die...
Your body crumbles into a pile of gold.

# .o..#§#.... ##.#
# ..o#.#... #)# #
##.......##..$.# .
##.........##..##
..#..........o#o.#
....4............#
#..o.....o##..# .
#.o..o##.o.#
#∩...##.##o3♣∩#
###∩oo..$ooo###
###########


You could see 2 orc knights, an orc high priest, a sixfirhy (summoned), 3 orc
sorcerers, 3 orc warriors and an orc priest.

Vanquished Creatures
  Josephine (D:11)
  Erolcha (D:12)
  4 hydras
  8 vault guards (D:12)
  2 catoblepae
  3 boulder beetles (D:12)
  A centaur warrior (D:13)
  8 death yaks
  4 two-headed ogres
  A death knight (D:13)
  A tengu warrior (D:13)
  2 orc high priests (Orc:2)
  Nergalle (D:11)
  A pharaoh ant (Lair:3)
  8 skeletal warriors
  A necromancer (Lair:4)
  4 orc knights
  2 orc sorcerers
  2 ugly things (D:13)
  2 wolf spiders (Lair:5)
  3 cyclopes
  5 manticores
  14 elephants
  7 black mambas
  17 cane toads
  A guardian serpent (Lair:5)
  A torpor snail (Lair:1)
  2 gargoyles (D:12)
  5 komodo dragons
  2 tengu conjurers
  An efreet (D:14)
  A rime drake (Lair:1)
  6 trolls
  2 polar bears
  A wind drake (Lair:2)
  3 hornets
  10 blink frogs
  21 dream sheep
  3 jumping spiders
  3 shadows
  A slime creature (D:12)
  A centaur simulacrum (D:13)
  3 vampires
  64 yaks
  11 wyverns
  8 wraiths
  Eustachio (D:5)
  4 basilisks
  A steam dragon (D:9)
  Grum (D:8)
  3 redbacks
  3 wargs (Orc:2)
  6 acid dragons
  22 water moccasins
  A sky beast (D:7)
  An ice beast (D:7)
  14 ogres
  19 orc warriors
  A boggart (D:4)
  2 centaurs
  22 wolves
  2 kobold brigands
  13 bullfrogs
  3 necrophages
  3 gnoll sergeants
  2 scorpions
  4 wights (D:8)
  Dowan (D:4)
  18 killer bees
  2 vampire bats (Lair:3)
  A quasit (D:4)
  2 gnoll boudas
  4 hounds
  16 orc priests
  2 jellies
  4 iguanas
  Natasha (thrice) (D:2)
  31 orc wizards
  A polar bear simulacrum (Lair:4)
  2 wolf simulacra (Lair:4)
  4 yak simulacra (Lair:4)
  A mummy (D:4)
  Robin (D:4)
  11 gnolls
  9 adders
  2 white imps
  An ufetubus (D:4)
  4 dart slugs
  75 orcs
  14 bats
  4 endoplasms
  A giant cockroach (D:4)
  15 goblins
  10 hobgoblins
  5 quokkas
  7 ball pythons
  A frilled lizard (D:1)
  3 hobgoblin zombies (D:4)
  13 kobolds
  A kobold zombie (D:4)
  3 rats
  4 river rat simulacra (Lair:4)
657 creatures vanquished.

Vanquished Creatures (others)
  A gnoll (D:9)
  2 bushes (Lair:5)
  42 fungi
  79 plants
124 creatures vanquished.

Grand Total: 781 creatures vanquished

Notes
Turn   | Place    | Note
-------+----------+-------------------------------------------
     0 | D:1      | retardedninja the Gnoll Fighter began the quest for the
                  | Orb.
     0 | D:1      | Reached XP level 1. HP: 23/23 MP: 1/1
   100 | D:1      | Reached XP level 2. HP: 27/29 MP: 2/2
   459 | D:1      | Reached XP level 3. HP: 35/35 MP: 3/3
   870 | D:2      | Reached skill level 1 in Invocations
   910 | D:2      | Reached skill level 1 in Short Blades
   910 | D:2      | Reached skill level 1 in Long Blades
   910 | D:2      | Reached skill level 1 in Axes
   910 | D:2      | Reached skill level 1 in Polearms
   910 | D:2      | Reached skill level 1 in Staves
   910 | D:2      | Reached skill level 1 in Ranged Weapons
   910 | D:2      | Reached skill level 1 in Throwing
   910 | D:2      | Reached skill level 1 in Dodging
   910 | D:2      | Reached skill level 1 in Stealth
   910 | D:2      | Reached skill level 1 in Unarmed Combat
   910 | D:2      | Reached skill level 1 in Spellcasting
   910 | D:2      | Reached skill level 1 in Evocations
   913 | D:2      | Found a radiant altar of Vehumet.
   975 | D:2      | Reached XP level 4. HP: 38/41 MP: 5/5
  1114 | D:2      | Noticed Natasha
  1119 | D:2      | Killed Natasha
  1120 | D:2      | Reached skill level 1 in Conjurations
  1120 | D:2      | Reached skill level 1 in Hexes
  1120 | D:2      | Reached skill level 1 in Summonings
  1120 | D:2      | Reached skill level 1 in Necromancy
  1120 | D:2      | Reached skill level 1 in Translocations
  1120 | D:2      | Reached skill level 1 in Transmutations
  1120 | D:2      | Reached skill level 1 in Fire Magic
  1120 | D:2      | Reached skill level 1 in Ice Magic
  1120 | D:2      | Reached skill level 1 in Air Magic
  1120 | D:2      | Reached skill level 1 in Earth Magic
  1120 | D:2      | Reached skill level 1 in Poison Magic
  1276 | D:2      | Found a runed translucent door.
  1277 | D:2      | Noticed Crazy Yiuf
  1302 | D:2      | Noticed Natasha
  1310 | D:2      | Killed Natasha
  1311 | D:2      | Reached XP level 5. HP: 29/47 MP: 5/7
  1698 | D:2      | Noticed Natasha
  1705 | D:2      | Killed Natasha
  2698 | D:4      | Noticed Grinder
  2699 | D:4      | Grinder changed into Grinder the quasit
  2699 | D:4      | Noticed Grinder
  2719 | D:4      | Killed Grinder the quasit
  2720 | D:4      | Reached XP level 6. HP: 50/53 MP: 8/8
  2743 | D:4      | Reached skill level 5 in Maces & Flails
  2798 | D:4      | Reached skill level 2 in Dodging
  2799 | D:4      | Noticed Robin
  2814 | D:4      | Killed Robin
  3112 | D:4      | Noticed Duvessa
  3113 | D:4      | Noticed Dowan
  3114 | D:4      | Duvessa changed into Duvessa the boggart
  3114 | D:4      | Noticed Duvessa
  3120 | D:4      | Killed Duvessa the boggart
  3128 | D:4      | Killed Dowan
  3713 | D:5      | Entered Level 5 of the Dungeon
  3721 | D:5      | Reached XP level 7. HP: 59/59 MP: 10/10
  3945 | D:5      | Reached skill level 3 in Dodging
  4459 | D:5      | Reached XP level 8. HP: 67/67 MP: 12/12
  4468 | D:5      | Noticed Eustachio
  4499 | D:5      | Killed Eustachio
  5094 | D:6      | Reached skill level 4 in Dodging
  5148 | D:6      | Gained mutation: You are clumsy. (Dex -2) [potion of
                  | mutation]
  5149 | D:6      | Lost mutation: You are clumsy. (Dex -2) [potion of
                  | mutation]
  5149 | D:6      | Gained mutation: You are strong-willed. (Will+) [potion of
                  | mutation]
  5348 | D:6      | Noticed a manticore
  5358 | D:6      | Killed a manticore
  5595 | D:6      | Found the Hermit's Pendant {Faith Invo=14 Evo=0 MP+5}
  5613 | D:6      | Reached XP level 9. HP: 48/73 MP: 14/14
  5619 | D:6      | Reached skill level 5 in Dodging
  6719 | D:7      | Identified the amulet of Kupnay {Spirit Int+3}
  6760 | D:7      | Reached skill level 5 in Invocations
  6921 | D:7      | Found a staircase to the Ecumenical Temple.
  6938 | Temple   | Entered the Ecumenical Temple
  7012 | D:7      | Reached skill level 6 in Dodging
  7122 | D:7      | Found a radiant altar of Vehumet.
  7469 | D:7      | Got Vehumet's Grimoire of the Shot
  7479 | D:7      | Found an ancient bone altar of Kikubaaqudgha.
  7501 | D:7      | Found a shimmering blue altar of Sif Muna.
  7746 | Temple   | Became a worshipper of Gozag Ym Sagoz the Greedy
  8158 | D:8      | Noticed a two-headed ogre
  8168 | D:8      | Killed a two-headed ogre
  8169 | D:8      | Reached skill level 5 in Short Blades
  8169 | D:8      | Reached skill level 5 in Long Blades
  8169 | D:8      | Reached skill level 5 in Axes
  8169 | D:8      | Reached skill level 5 in Polearms
  8169 | D:8      | Reached skill level 5 in Staves
  8169 | D:8      | Reached skill level 5 in Ranged Weapons
  8169 | D:8      | Reached skill level 5 in Throwing
  8169 | D:8      | Reached skill level 5 in Stealth
  8169 | D:8      | Reached skill level 5 in Unarmed Combat
  8169 | D:8      | Reached skill level 5 in Spellcasting
  8169 | D:8      | Reached skill level 5 in Evocations
  8169 | D:8      | Reached XP level 10. HP: 80/82 MP: 15/17
  8221 | D:8      | Found a snail-covered altar of Cheibriados.
  8234 | D:8      | Noticed Grum
  8243 | D:8      | Reached skill level 7 in Dodging
  8247 | D:8      | Killed Grum
  8431 | D:8      | Identified 2 scrolls of acquirement
  8431 | D:8      | Acquired 971 gold pieces
  8433 | D:8      | Acquired 801 gold pieces
  9816 | D:9      | Reached skill level 8 in Dodging
 10281 | D:9      | Found a glowing silver altar of Zin.
 10578 | D:8      | Reached skill level 5 in Conjurations
 10578 | D:8      | Reached skill level 5 in Hexes
 10578 | D:8      | Reached skill level 5 in Summonings
 10578 | D:8      | Reached skill level 5 in Necromancy
 10578 | D:8      | Reached skill level 5 in Translocations
 10578 | D:8      | Reached skill level 5 in Transmutations
 10578 | D:8      | Reached skill level 5 in Fire Magic
 10578 | D:8      | Reached skill level 5 in Ice Magic
 10578 | D:8      | Reached skill level 5 in Air Magic
 10578 | D:8      | Reached skill level 5 in Earth Magic
 10578 | D:8      | Reached skill level 5 in Poison Magic
 10615 | D:8      | Reached XP level 11. HP: 84/89 MP: 20/20
 11248 | D:9      | Found a staircase to the Orcish Mines.
 11272 | D:10     | Entered Level 10 of the Dungeon
 11277 | D:10     | Found a staircase to the Lair.
 11997 | D:9      | Reached skill level 9 in Dodging
 12751 | D:11     | Found Jes Cach's General Store.
 12761 | D:11     | Bought a wand of paralysis (3) for 115 gold pieces
 12761 | D:11     | Bought a wand of light (3) for 201 gold pieces
 12761 | D:11     | Bought a wand of mindburst (7) for 156 gold pieces
 12761 | D:11     | Bought a wand of iceblast (5) for 192 gold pieces
 12788 | D:11     | Noticed a manticore
 12793 | D:11     | Killed a manticore
 12998 | D:11     | Identified the +7 longbow "Arcanum" {drain, rF- rC+ rN+}
 13044 | D:11     | Noticed Josephine
 13055 | D:11     | Killed Josephine
 13063 | D:11     | Reached XP level 12. HP: 56/97 MP: 13/22
 13494 | D:11     | Noticed a two-headed ogre
 13857 | D:11     | Noticed Nergalle
 13875 | D:11     | Killed Nergalle
 13876 | D:11     | Reached skill level 10 in Dodging
 13937 | D:11     | Killed a two-headed ogre
 13947 | D:11     | Noticed a two-headed ogre
 13955 | D:11     | Killed a two-headed ogre
 14248 | Lair:1   | Entered Level 1 of the Lair of Beasts
 14275 | Lair:1   | Reached skill level 10 in Fighting
 14275 | Lair:1   | Reached skill level 10 in Armour
 14275 | Lair:1   | Reached skill level 10 in Shields
 15516 | Lair:1   | Noticed a death yak
 15527 | Lair:1   | Noticed a death yak
 15539 | Lair:1   | Killed a death yak
 15544 | Lair:1   | Killed a death yak
 16054 | Lair:2   | Reached skill level 11 in Dodging
 16255 | Lair:2   | Reached XP level 13. HP: 48/104 MP: 11/25
 16594 | Lair:2   | Found a staircase to the Shoals.
 17910 | Lair:3   | Found a hole to the Spider Nest.
 19870 | Lair:3   | Acquired 786 gold pieces
 19946 | Lair:4   | Reached skill level 12 in Dodging
 19985 | Lair:4   | Found a staircase to the Slime Pits.
 20077 | Lair:4   | Reached skill level 10 in Maces & Flails
 20626 | Lair:4   | Found a viscous altar of Jiyva.
 21554 | Lair:5   | Entered Level 5 of the Lair of Beasts
 21562 | Lair:5   | Found a transporter.
 21575 | Lair:5   | Reached XP level 14. HP: 113/113 MP: 27/27
 21591 | Lair:5   | Reached skill level 10 in Invocations
 22321 | Lair:5   | Noticed necrobotica's ghost (journeyman DjSu)
 22899 | Lair:5   | Found a transporter.
 22913 | Lair:5   | Found a bloodstained altar of Trog.
 22989 | Lair:5   | Reached skill level 13 in Dodging
 25297 | Lair:5   | Reached skill level 10 in Short Blades
 25297 | Lair:5   | Reached skill level 10 in Long Blades
 25297 | Lair:5   | Reached skill level 10 in Axes
 25297 | Lair:5   | Reached skill level 10 in Polearms
 25297 | Lair:5   | Reached skill level 10 in Staves
 25297 | Lair:5   | Reached skill level 10 in Ranged Weapons
 25297 | Lair:5   | Reached skill level 10 in Throwing
 25297 | Lair:5   | Reached skill level 10 in Stealth
 25297 | Lair:5   | Reached skill level 10 in Unarmed Combat
 25297 | Lair:5   | Reached skill level 10 in Spellcasting
 25297 | Lair:5   | Reached skill level 10 in Evocations
 26225 | D:12     | Noticed Erolcha
 26232 | D:12     | Killed Erolcha
 26463 | D:12     | Reached XP level 15. HP: 120/120 MP: 29/29
 27241 | D:12     | Acquired 734 gold pieces
 27904 | D:13     | Found a gate to the Vaults.
 27984 | D:12     | Reached skill level 14 in Dodging
 30661 | Orc:1    | Entered Level 1 of the Orcish Mines
 30965 | Orc:1    | Found a transporter.
 30965 | Orc:1    | Found a transporter.
 30966 | Orc:1    | Noticed Werytelu's ghost (journeyman HuDe)
 31003 | Orc:1    | Identified the +2 giant club "Cunorael" {flame, rN++ Will+
                  | Str-4 SInv}
 31394 | Orc:2    | Entered Level 2 of the Orcish Mines
 32038 | Orc:2    | Found a staircase to the Elven Halls.
 32294 | Orc:2    | Found Ogipneics's Book Boutique.
 32355 | Orc:2    | Gained mutation: You are dopey. (Int -2) [a neqoxec]
 32359 | Orc:2    | Found Rurinn's Antique Weapon Boutique.
 32360 | Orc:2    | Found Plog's Book Shoppe.
 32362 | Orc:2    | Found Arhaokh's Distillery.
 32363 | Orc:2    | Paralysed by an orc sorcerer for 3 turns
 32387 | Orc:2    | Lost mutation: You are dopey. (Int -2) [potion of mutation]
 32387 | Orc:2    | Lost mutation: You are strong-willed. (Will+) [potion of
                  | mutation]
 32387 | Orc:2    | Gained mutation: Armour fits poorly on your strangely
                  | shaped body. [potion of mutation]
 32388 | Orc:2    | Lost mutation: Armour fits poorly on your strangely shaped
                  | body. [potion of mutation]
 32388 | Orc:2    | Gained mutation: Your muscles are strong. (Str +4, Int/Dex
                  | -1) [potion of mutation]
 32392 | Orc:2    | HP: 2/169 [sixfirhy[an orc high priest] (7)]
 32392 | Orc:2    | Slain by a sixfirhy

Illustrated notes

Levels and vault maps discovered:
D:1:      eino_arrival_water_cross, layout_basic, serial_forest,
          infiniplex_forest_clump_C, infiniplex_forest_straight_2,
          infiniplex_forest_straight_4, infiniplex_forest_straight_3,
          infiniplex_forest_lined_4_way, infiniplex_forest_end_2,
          infiniplex_forest_fountain, infiniplex_forest_clump_double,
          infiniplex_forest_clump_C, infiniplex_forest_end_1
D:2:      layout_basic, basic_altar, uniq_natasha, uniq_crazy_yiuf_cottage
D:3:      layout_basic
D:4:      layout_basic, minmay_mini_ossuary, uniq_grinder, uniq_duvessa,
          uniq_robin
D:5:      layout_loops_corners, mrwooster_statue_mirror,
          minmay_manual_monstrance, uniq_eustachio
D:6:      layout_loops_ring
D:7:      layout_basic, palyth_temple_overflow_mages,
          minmay_temple_entry_glassed_door
D:8:      layout_basic, nicolae_overflow_hidden_temple, uniq_grum
D:9:      layout_cave_pools, mainiacjoe_overflow_boulevard,
          kennysheep_orc_monster_closet_entryway, enter_bailey_2
D:10:     layout_cave_pools, lair_entry_dummy, grunt_ministairs_6, minivault_16
D:11:     layout_cave_pools, serial_shops, shop, corner_web_ring,
          kennysheep_path_1, uniq_nergalle, uniq_josephine
D:12:     minmay_recursive_quarters, layout_grid_maze,
          chequers_serial_rivers_micro_d, uniq_erolcha
D:13:     layout_loops_ring, erik_vaults_2
D:14:     layout_irregular_city, kennysheep_boxes, uniq_kirke
Temple:   regret_index_temple_generic_petals
Lair:1:   layout_chaotic_city
Lair:2:   layout_regular_city, minmay_shoals_entry_beasts, serial_bayou_shore_b
Lair:3:   layout_misc_corridors, nicolae_spider_entry_lesser_pyramids,
          roderic_batcave
Lair:4:   layout_cave_pods, slime_entry_1, eino_house_with_fridge
Lair:5:   hangedman_lair_tendril_chambers, layout_loops_ring,
          gammafunk_ghost_wrathful_warriors
Orc:1:    layout_caves, gammafunk_ghost_smash
Orc:2:    st_orc_elflike, layout_caves, basic_altar

Skill      XL: |  1  2  3  4  5  6  7  8  9 10 11 12 13 14 15 |
---------------+----------------------------------------------+-----
Invocations    | 1 2 3 4 5 6 7 8 9 10 11 | 11.7
Short Blades   | 1 2 3 5 6 7 8 9 10 | 10.8
Long Blades    | 1 2 3 5 6 7 8 9 10 | 10.8
Axes           | 1 2 3 5 6 7 8 9 10 | 10.8
Polearms       | 1 2 3 5 6 7 8 9 10 | 10.8
Staves         | 1 2 3 5 6 7 8 9 10 | 10.8
Ranged Weapons | 1 2 3 5 6 7 8 9 10 | 10.8
Throwing       | 1 2 3 5 6 7 8 9 10 | 10.8
Dodging        | 1 2 3 4 6 8 9 11 12 13 14 | 14.7
Stealth        | 1 2 3 5 6 7 8 9 10 | 10.8
Unarmed Combat | 1 2 3 5 6 7 8 9 10 | 10.8
Spellcasting   | 1 2 3 5 6 7 8 9 10 | 10.8
Evocations     | 1 2 3 5 6 7 8 9 10 | 10.8
Conjurations   | 1 2 3 4 5 6 7 8 9 |  9.0
Hexes          | 1 2 3 4 5 6 7 8 9 |  9.0
Summonings     | 1 2 3 4 5 6 7 8 9 |  9.0
Necromancy     | 1 2 3 4 5 6 7 8 9 |  9.0
Translocations | 1 2 3 4 5 6 7 8 9 |  9.0
Transmutations | 1 2 3 4 5 6 7 8 9 |  9.0
Fire Magic     | 1 2 3 4 5 6 7 8 9 |  9.0
Ice Magic      | 1 2 3 4 5 6 7 8 9 |  9.0
Air Magic      | 1 2 3 4 5 6 7 8 9 |  9.0
Earth Magic    | 1 2 3 4 5 6 7 8 9 |  9.0
Poison Magic   | 1 2 3 4 5 6 7 8 9 |  9.0
Maces & Flails | 5 6 7 8 9 10 11 | 11.7
Fighting       | 7 8 9 10 11 12 | 12.5
Armour         | 7 8 9 10 11 12 | 12.5
Shields        | 7 8 9 10 11 12 | 12.5

Action                     |  1- 3 |  4- 6 |  7- 9 | 10-12 | 13-15 || total
---------------------------+-------+-------+-------+-------+-------++-------
  Melee: Flail             |   103 |   173 |   366 |   819 |  1342 ||  2803
         Bite              |    12 |    19 |    50 |   116 |   192 ||   389
         Unarmed           |       |     7 |       |       |       ||     7
  Throw: Javelin           |       |       |       |    23 |       ||    23
         Throwing net      |       |       |       |     4 |       ||     4
 Invoke: Potion Petition   |       |       |       |     3 |    12 ||    15
  Evoke: Wand              |       |     2 |     9 |    22 |    33 ||    66
    Use: Potion            |       |     7 |     4 |     7 |    16 ||    34
         Scroll            |       |     6 |     3 |    16 |    30 ||    55
   Stab: Invisible         |       |       |     2 |     1 |     1 ||     4
         Paralysed         |       |       |     5 |     3 |       ||     8
         Distracted        |       |       |       |     3 |     9 ||    12
         Petrifying        |       |       |       |       |     5 ||     5
         Petrified         |       |       |       |       |     2 ||     2
 Armour: Scale mail        |    57 |    30 |       |       |       ||    87
         Chain mail        |       |    98 |   234 |    69 |       ||   401
         Skin              |       |     2 |       |       |     4 ||     6
         Plate armour      |       |       |       |   532 |  1046 ||  1578
  Dodge: Dodged            |    62 |   104 |   185 |   797 |   642 ||  1790
  Block: Buckler           |    41 |    81 |   137 |   168 |       ||   427
         Kite shield       |       |       |       |   471 |   986 ||  1457

Table legend: (Time is in decaauts)
 A = Elapsed time spent in this place.
 B = Non-inter-level travel time spent in this place.
 C = Inter-level travel time spent in this place.
 D = Time resting spent in this place.
 E = Time spent auto-exploring this place.
 F = Levels seen in this place.
 G = Mean time per level.
                   A        B        C        D        E       F      G
               +--------+--------+--------+--------+--------+-----+--------+
         Total |  32616 |  31248 |   1368 |  11972 |  13107 |  22 | 1482.5 |
       Dungeon |  19233 |  18328 |    905 |   6508 |   8067 |  14 | 1373.8 |
        Temple |    335 |    255 |     80 |      6 |    182 |   1 |  335.0 |
          Lair |  11326 |  11000 |    326 |   5086 |   3978 |   5 | 2265.2 |
  Orcish Mines |   1722 |   1666 |     56 |    372 |    880 |   2 |  861.0 |
               +--------+--------+--------+--------+--------+-----+--------+

Top non-repeatable levels by time:
  Lair:5: 3442 daAuts
  Lair:4: 2691 daAuts
    D:12: 2576 daAuts
  Lair:2: 2516 daAuts
     D:8: 2059 daAuts
    D:10: 1898 daAuts
    D:11: 1614 daAuts
    D:13: 1536 daAuts
     D:7: 1461 daAuts
  Lair:1: 1382 daAuts
     D:5: 1323 daAuts
     D:9: 1319 daAuts
     D:4: 1304 daAuts
  Lair:3: 1293 daAuts
     D:6: 1286 daAuts
